Connexion

WASHINGTON Capitals vs PITTSBURGH Penguins (R4)

Created - 14 avril 2024 at 07:10

Goals
1 2 3 T
WASHINGTON Capitals 2 2 3 7
PITTSBURGH Penguins 3 0 0 3
Shots
1 2 3 T
WASHINGTON Capitals 9 12 19 40
PITTSBURGH Penguins 7 6 4 17

GoalsPenalties
1st period
1. WASHINGTON Capitals , Sean Walker 1 (Nikita Kucherov 2, Brandon Hagel 2) at 3:21
2. PITTSBURGH Penguins , William Nylander 2 (Gustav Nyquist 2) at 8:05
3. PITTSBURGH Penguins , Gustav Nyquist 2 (Jake Gardiner 6, Andrei Svechnikov 2) at 9:24 (PP)
4. PITTSBURGH Penguins , Gustav Nyquist 3 (Andrei Svechnikov 3, William Nylander 3) at 14:46
5. WASHINGTON Capitals , Alex Killorn 1 (Nick Jensen 2, Alex Pietrangelo 1) at 17:27
Slater Koekkoek (WAS) for Goalie Interference (Minor) at 3:52
Jared McCann (WAS) for Tripping (Minor) at 9:16
Adam Larsson (PIT) for Hooking (Minor) at 19:04
2nd period
6. WASHINGTON Capitals , Shea Theodore 1 (Aleksander Barkov 2) at 0:07 (PP)
7. WASHINGTON Capitals , Joel Hanley 1 (Frederick Gaudreau 2, Shea Theodore 2) at 6:04 (PP)
Joel Hanley (WAS) for Hooking (Minor) at 1:40
Kevin Connauton (PIT) for Slashing (Double Minor) at 5:52
Aleksander Barkov (WAS) for Roughing (Minor) at 13:25
3rd period
8. WASHINGTON Capitals , Alex Killorn 2 (Mikey Eyssimont 1, Denis Gurianov 1) at 3:35
9. WASHINGTON Capitals , Joel Hanley 2 (Aleksander Barkov 3, Nikita Kucherov 3) at 9:53
10. WASHINGTON Capitals , Nikita Kucherov 2 (Shea Theodore 3, Aleksander Barkov 4) at 11:21 (PP)
Adam Larsson (PIT) for Tripping (Minor) at 0:47
Adam Larsson (PIT) for Holding (Minor) at 11:17
Jake Gardiner (PIT) for Interference (Minor) at 17:41
Goalie Stats
Jordan Binnington (WAS), 14 saves from 17 shots - (0,824), W, 2-1-0, 60:00 minutes
Darcy Kuemper (PIT), 18 saves from 23 shots - (0,783), L, 1-1-1, 43:35 minutes
Jonathan Quick (PIT), 15 saves from 17 shots - (0,882), 16:25 minutes
3 StarsOfficial
1 - Nikita Kucherov (WAS)
2 - Shea Theodore (WAS)
3 - Joel Hanley (WAS)
Referees : Ghislain Hebert and Ian Walsh
Linesman : Brad Lazarowich and Dan Schachte
Game Note
Jonathan Quick enters game at 3:35 of 3rd period
Finance
Level 1 -- Attendance: 5274 (87,90%) -- Ticket Income $754,182
Level 2 -- Attendance: 5087 (100,00%) -- Ticket Income $457,830
Level 3 -- Attendance: 2000 (100,00%) -- Ticket Income $106,000
Level 4 -- Attendance: 4000 (100,00%) -- Ticket Income $140,000
Luxury Box -- Attendance: 1000 (100,00%) -- Ticket Income $300,000
Game was played at the Consol Energy Center.
Total Attendance: 17361 (95,99%)
Total Ticket Income: $1,758,012
Other Income: $351,602
Total Income: $2,109,614



Team Name Goals Shots Shots Attemp Shots Blocked PIM HIT PP PK FO%
WASHINGTON Capitals 7405958173 / 6 (50%)162%
PITTSBURGH Penguins 31738612241 / 4 (25%)338%

WASHINGTON Capitals
Player Name POS G A P +/- PIM HIT SHT SB MP PP MP PP SHT PK MP PK SHT FO% FOT
Aleksander BarkovC0332226022:202:5801:50074% 34
Alex KillornC/LW/RW2020014015:094:1802:02050% 2
Alex PietrangeloD0110010022:444:0602:4100% 0
Andreas JohnssonLW/RW0000003014:230:0000:000100% 1
Brandon HagelLW0112014024:082:5803:370100% 2
Denis GurianovLW/RW011000408:490:0000:0000% 0
Dryden HuntC/LW000000205:540:0000:00044% 9
Frederick GaudreauC/RW0110001021:354:1802:54050% 30
Givani SmithRW000000305:540:0000:0000% 0
Jared McCannC/LW0000231020:274:1801:4700% 0
Joel HanleyD2021252122:203:1012:2800% 0
Joel KivirantaLW000000105:540:0000:0000% 0
Mikey EyssimontC/LW011000008:490:0000:00058% 12
Nick JensenD0110000020:400:0002:3400% 0
Nikita KucherovRW1232016020:312:5810:000100% 2
Sean WalkerD1011011016:184:0600:2200% 0
Shea TheodoreD1231012425:353:1023:2400% 0
Slater KoekkoekD0001210012:210:0000:4100% 0
PITTSBURGH Penguins
Player Name POS G A P +/- PIM HIT SHT SB MP PP MP PP SHT PK MP PK SHT FO% FOT
Adam LarssonD000-1640023:382:4001:5700% 0
Alexander BarabanovLW/RW0000001010:250:0000:0000% 1
Andrei SvechnikovLW/RW0220042017:333:0700:33050% 2
Anton LindholmD000-2001122:133:2514:4000% 0
Brad MarchandLW/RW0000022025:322:5804:4900% 1
Connor McDavidC0000010025:172:5804:34053% 40
Gustav NyquistC/LW/RW2130005019:163:0712:1600% 1
Jake GardinerD011-1200124:323:2502:0400% 0
Justin KloosC/RW000-200104:360:0000:00020% 10
Kevin ConnautonD000-2410114:070:0000:0000% 0
Matthew NietoLW/RW000-200114:400:0000:040100% 1
Milan LucicLW000-205004:360:0000:0000% 0
Oliver Bjorkstrand LW/RW0000010022:592:5802:1600% 0
Ross ColtonC0000010010:250:0000:0000% 11
Steven SantiniD0001050215:080:0001:4100% 0
Trevor CarrickD0001001020:172:4004:1000% 0
Vitali KravtsovRW0000001010:250:0000:0000% 0
William NylanderC/RW1120002017:003:0710:00040% 25



Play-by-Play

1st period


0:01 of 1st period - Nikita Kucherov wins face-off versus Connor McDavid in neutral zone.
0:22 of 1st period - Adam Larsson is hit by Nikita Kucherov and loses puck.
0:55 of 1st period - Nikita Kucherov is hit by Andrei Svechnikov and loses puck.
1:12 of 1st period - Shot by Andrei Svechnikov.
1:12 of 1st period - Stopped by Jordan Binnington without a rebound.
1:13 of 1st period - Frederick Gaudreau wins face-off versus Ross Colton in WASHINGTON Capitals zone.
1:13 of 1st period - Frederick Gaudreau is hit by Ross Colton.
2:55 of 1st period - Shot by Alex Killorn.
2:55 of 1st period - Stopped by Darcy Kuemper without a rebound.
2:56 of 1st period - Connor McDavid wins face-off versus Dryden Hunt in PITTSBURGH Penguins zone.
3:07 of 1st period - Shot by Brad Marchand.
3:07 of 1st period - Stopped by Jordan Binnington without a rebound.
3:08 of 1st period - Brandon Hagel wins face-off versus Justin Kloos in WASHINGTON Capitals zone.
3:08 of 1st period - Nikita Kucherov is hit by Milan Lucic and loses puck.
3:17 of 1st period - Shot by Nikita Kucherov.
3:17 of 1st period - Shot Misses the Net.
3:19 of 1st period - Shot by Nikita Kucherov.
3:19 of 1st period - Shot Misses the Net.
3:21 of 1st period - Shot by Sean Walker.
3:21 of 1st period - Goal by Sean Walker - WASHINGTON Capitals : 1 - PITTSBURGH Penguins : 0.
3:22 of 1st period - Mikey Eyssimont wins face-off versus Connor McDavid in neutral zone.
3:22 of 1st period - Shea Theodore is hit by Connor McDavid and loses puck.
3:41 of 1st period - Shot by Brad Marchand.
3:41 of 1st period - Shot Misses the Net.
3:43 of 1st period - Shot by Connor McDavid.
3:43 of 1st period - Shot Blocked by Shea Theodore.
3:45 of 1st period - Shot by Trevor Carrick.
3:45 of 1st period - Stopped by Jordan Binnington without a rebound.
3:46 of 1st period - Matthew Nieto wins face-off versus Dryden Hunt in WASHINGTON Capitals zone.
3:46 of 1st period - Jake Gardiner is hit by Slater Koekkoek and loses puck.
3:52 of 1st period - Minor Penalty to Slater Koekkoek for Goalie Interference.
3:53 of 1st period - Connor McDavid wins face-off versus Frederick Gaudreau in WASHINGTON Capitals zone.
4:13 of 1st period - Icing by Anton Lindholm.
4:14 of 1st period - Connor McDavid wins face-off versus Frederick Gaudreau in PITTSBURGH Penguins zone.
4:21 of 1st period - Shot by Jake Gardiner.
4:21 of 1st period - Shot Misses the Net.
4:48 of 1st period - Connor McDavid is hit by Joel Hanley and loses puck.
6:18 of 1st period - Icing by Givani Smith.
6:19 of 1st period - Dryden Hunt wins face-off versus Justin Kloos in WASHINGTON Capitals zone.
6:19 of 1st period - Joel Kiviranta is hit by Milan Lucic and loses puck.
6:25 of 1st period - Slater Koekkoek is hit by Milan Lucic and loses puck.
6:30 of 1st period - Shot by Givani Smith.
6:30 of 1st period - Shot Blocked by Matthew Nieto.
6:32 of 1st period - Shot by Joel Kiviranta.
6:32 of 1st period - Stopped by Darcy Kuemper without a rebound.
6:33 of 1st period - Mikey Eyssimont wins face-off versus Connor McDavid in PITTSBURGH Penguins zone.
8:03 of 1st period - Shot by William Nylander.
8:03 of 1st period - Shot Misses the Net.
8:05 of 1st period - Shot by William Nylander.
8:05 of 1st period - Goal by William Nylander - WASHINGTON Capitals : 1 - PITTSBURGH Penguins : 1.
8:06 of 1st period - Aleksander Barkov wins face-off versus Ross Colton in neutral zone.
8:17 of 1st period - Shot by Aleksander Barkov.
8:17 of 1st period - Shot Misses the Net.
8:43 of 1st period - Shot by Aleksander Barkov.
8:43 of 1st period - Deflect By Brandon Hagel.
8:43 of 1st period - Stopped by Darcy Kuemper without a rebound.
8:44 of 1st period - Connor McDavid wins face-off versus Frederick Gaudreau in PITTSBURGH Penguins zone.
8:44 of 1st period - Connor McDavid is hit by Jared McCann.
9:16 of 1st period - Minor Penalty to Jared McCann for Tripping.
9:17 of 1st period - William Nylander wins face-off versus Frederick Gaudreau in WASHINGTON Capitals zone.
9:24 of 1st period - Shot by Gustav Nyquist.
9:24 of 1st period - Goal by Gustav Nyquist - WASHINGTON Capitals : 1 - PITTSBURGH Penguins : 2.
9:25 of 1st period - Aleksander Barkov wins face-off versus William Nylander in neutral zone.
9:25 of 1st period - Brandon Hagel is hit by Andrei Svechnikov and loses puck.
9:39 of 1st period - Nikita Kucherov is hit by Steven Santini and loses puck.
9:47 of 1st period - Icing by Trevor Carrick.
9:48 of 1st period - Frederick Gaudreau wins face-off versus William Nylander in PITTSBURGH Penguins zone.
10:03 of 1st period - Jared McCann is hit by Andrei Svechnikov and loses puck.
11:07 of 1st period - Shot by Aleksander Barkov.
11:07 of 1st period - Stopped by Darcy Kuemper without a rebound.
11:08 of 1st period - Justin Kloos wins face-off versus Dryden Hunt in PITTSBURGH Penguins zone.
11:10 of 1st period - Icing by Kevin Connauton.
11:11 of 1st period - Dryden Hunt wins face-off versus Justin Kloos in PITTSBURGH Penguins zone.
11:14 of 1st period - Shot by Givani Smith.
11:14 of 1st period - Stopped by Darcy Kuemper without a rebound.
11:15 of 1st period - Aleksander Barkov wins face-off versus William Nylander in PITTSBURGH Penguins zone.
11:29 of 1st period - Andrei Svechnikov is hit by Joel Hanley and loses puck.
12:06 of 1st period - Anton Lindholm is hit by Brandon Hagel and loses puck.
13:47 of 1st period - Alexander Barabanov is hit by Alex Pietrangelo and loses puck.
14:04 of 1st period - Shot by Justin Kloos.
14:04 of 1st period - Shot Misses the Net.
14:08 of 1st period - Shot by Matthew Nieto.
14:08 of 1st period - Shot Misses the Net.
14:40 of 1st period - Shot by Gustav Nyquist.
14:40 of 1st period - Stopped by Jordan Binnington without a rebound.
14:41 of 1st period - Mikey Eyssimont wins face-off versus William Nylander in WASHINGTON Capitals zone.
14:46 of 1st period - Shot by Andrei Svechnikov.
14:46 of 1st period - Deflect By Gustav Nyquist.
14:46 of 1st period - Goal by Gustav Nyquist - WASHINGTON Capitals : 1 - PITTSBURGH Penguins : 3.
14:47 of 1st period - Frederick Gaudreau wins face-off versus Connor McDavid in neutral zone.
14:57 of 1st period - Shot by Jared McCann.
14:57 of 1st period - Deflect By Andreas Johnsson.
14:57 of 1st period - Stopped by Darcy Kuemper without a rebound.
14:58 of 1st period - Aleksander Barkov wins face-off versus Ross Colton in PITTSBURGH Penguins zone.
15:11 of 1st period - Shot by Aleksander Barkov.
15:11 of 1st period - Shot Misses the Net.
15:25 of 1st period - Shot by Aleksander Barkov.
15:25 of 1st period - Stopped by Darcy Kuemper with a rebound.
15:42 of 1st period - Nikita Kucherov is hit by Steven Santini.
16:44 of 1st period - Slater Koekkoek is hit by Oliver Bjorkstrand and loses puck.
17:25 of 1st period - Shot by Alex Killorn.
17:25 of 1st period - Shot Blocked by Anton Lindholm.
17:27 of 1st period - Shot by Alex Killorn.
17:27 of 1st period - Goal by Alex Killorn - WASHINGTON Capitals : 2 - PITTSBURGH Penguins : 3.
17:28 of 1st period - Aleksander Barkov wins face-off versus Justin Kloos in neutral zone.
18:03 of 1st period - Shot by Justin Kloos.
18:03 of 1st period - Shot Misses the Net.
18:05 of 1st period - Shot by Milan Lucic.
18:05 of 1st period - Shot Blocked by Shea Theodore.
18:37 of 1st period - Shot by Givani Smith.
18:37 of 1st period - Shot Blocked by Jake Gardiner.
18:54 of 1st period - Dryden Hunt is hit by Adam Larsson and loses puck.
19:04 of 1st period - Minor Penalty to Adam Larsson for Hooking.
19:05 of 1st period - Connor McDavid wins face-off versus Frederick Gaudreau in PITTSBURGH Penguins zone.
19:52 of 1st period - Icing by Alex Pietrangelo.
19:53 of 1st period - Connor McDavid wins face-off versus Frederick Gaudreau in WASHINGTON Capitals zone.
Goals for this period are 2 for WASHINGTON Capitals vs 3 for PITTSBURGH Penguins.
Shots for this period are 9 for WASHINGTON Capitals vs 7 for PITTSBURGH Penguins.

2nd period


0:01 of 2nd period - Brandon Hagel wins face-off versus Connor McDavid in neutral zone.
0:03 of 2nd period - Off-side.
0:04 of 2nd period - Aleksander Barkov wins face-off versus Connor McDavid in neutral zone.
0:07 of 2nd period - Shot by Shea Theodore.
0:07 of 2nd period - Goal by Shea Theodore - WASHINGTON Capitals : 3 - PITTSBURGH Penguins : 3.
0:08 of 2nd period - Connor McDavid wins face-off versus Aleksander Barkov in neutral zone.
0:13 of 2nd period - Shot by Brad Marchand.
0:13 of 2nd period - Shot Blocked by Shea Theodore.
0:17 of 2nd period - Shot by Brad Marchand.
0:17 of 2nd period - Stopped by Jordan Binnington without a rebound.
0:18 of 2nd period - Connor McDavid wins face-off versus Frederick Gaudreau in WASHINGTON Capitals zone.
0:24 of 2nd period - Connor McDavid is hit by Shea Theodore and loses puck.
0:40 of 2nd period - Icing by Joel Hanley.
0:41 of 2nd period - Andreas Johnsson wins face-off versus William Nylander in WASHINGTON Capitals zone.
0:43 of 2nd period - Icing by Jared McCann.
0:44 of 2nd period - Frederick Gaudreau wins face-off versus William Nylander in WASHINGTON Capitals zone.
0:48 of 2nd period - Icing by Jared McCann.
0:49 of 2nd period - Connor McDavid wins face-off versus Frederick Gaudreau in WASHINGTON Capitals zone.
0:57 of 2nd period - Brad Marchand is hit by Joel Hanley and loses puck.
1:12 of 2nd period - Shot by Brad Marchand.
1:12 of 2nd period - Shot Blocked by Joel Hanley.
1:15 of 2nd period - Icing by Joel Hanley.
1:16 of 2nd period - William Nylander wins face-off versus Frederick Gaudreau in WASHINGTON Capitals zone.
1:36 of 2nd period - Andrei Svechnikov is hit by Joel Hanley and loses puck.
1:40 of 2nd period - Minor Penalty to Joel Hanley for Hooking.
1:41 of 2nd period - Frederick Gaudreau wins face-off versus Connor McDavid in WASHINGTON Capitals zone.
3:24 of 2nd period - Icing by Jake Gardiner.
3:25 of 2nd period - William Nylander wins face-off versus Aleksander Barkov in PITTSBURGH Penguins zone.
3:58 of 2nd period - Shot by Justin Kloos.
3:58 of 2nd period - Stopped by Jordan Binnington without a rebound.
3:59 of 2nd period - Connor McDavid wins face-off versus Mikey Eyssimont in WASHINGTON Capitals zone.
4:23 of 2nd period - Shot by Denis Gurianov.
4:23 of 2nd period - Shot Misses the Net.
4:31 of 2nd period - Shot by Mikey Eyssimont.
4:31 of 2nd period - Shot Misses the Net.
4:39 of 2nd period - Shot by Mikey Eyssimont.
4:39 of 2nd period - Shot Misses the Net.
5:51 of 2nd period - Shot by Andreas Johnsson.
5:51 of 2nd period - Stopped by Darcy Kuemper with a rebound.
5:52 of 2nd period - Double Minor Penalty to Kevin Connauton for Slashing.
5:53 of 2nd period - Frederick Gaudreau wins face-off versus Connor McDavid in PITTSBURGH Penguins zone.
6:04 of 2nd period - Shot by Joel Hanley.
6:04 of 2nd period - Goal by Joel Hanley - WASHINGTON Capitals : 4 - PITTSBURGH Penguins : 3.
6:05 of 2nd period - Connor McDavid wins face-off versus Frederick Gaudreau in neutral zone.
7:30 of 2nd period - Icing by Aleksander Barkov.
7:31 of 2nd period - Aleksander Barkov wins face-off versus Gustav Nyquist in WASHINGTON Capitals zone.
7:47 of 2nd period - Icing by Jared McCann.
7:48 of 2nd period - Connor McDavid wins face-off versus Frederick Gaudreau in WASHINGTON Capitals zone.
8:09 of 2nd period - Shot by Dryden Hunt.
8:09 of 2nd period - Deflect By Givani Smith.
8:09 of 2nd period - Stopped by Darcy Kuemper without a rebound.
8:10 of 2nd period - Dryden Hunt wins face-off versus William Nylander in PITTSBURGH Penguins zone.
8:10 of 2nd period - Dryden Hunt is hit by Adam Larsson.
8:14 of 2nd period - Shot by Givani Smith.
8:14 of 2nd period - Deflect By Dryden Hunt.
8:14 of 2nd period - Stopped by Darcy Kuemper without a rebound.
8:15 of 2nd period - Frederick Gaudreau wins face-off versus William Nylander in PITTSBURGH Penguins zone.
8:42 of 2nd period - Shot by Jared McCann.
8:42 of 2nd period - Deflect By Frederick Gaudreau.
8:42 of 2nd period - Shot Blocked by Steven Santini.
9:40 of 2nd period - Shot by Nikita Kucherov.
9:40 of 2nd period - Stopped by Darcy Kuemper without a rebound.
9:41 of 2nd period - Connor McDavid wins face-off versus Mikey Eyssimont in PITTSBURGH Penguins zone.
10:20 of 2nd period - Shot by Alex Killorn.
10:20 of 2nd period - Stopped by Darcy Kuemper without a rebound.
10:21 of 2nd period - Aleksander Barkov wins face-off versus Ross Colton in PITTSBURGH Penguins zone.
10:22 of 2nd period - Shot by Nikita Kucherov.
10:22 of 2nd period - Deflect By Aleksander Barkov.
10:22 of 2nd period - Stopped by Darcy Kuemper without a rebound.
10:23 of 2nd period - Aleksander Barkov wins face-off versus Ross Colton in PITTSBURGH Penguins zone.
10:24 of 2nd period - Shot by Brandon Hagel.
10:24 of 2nd period - Stopped by Darcy Kuemper without a rebound.
10:25 of 2nd period - Aleksander Barkov wins face-off versus Ross Colton in PITTSBURGH Penguins zone.
10:40 of 2nd period - Shot by Brandon Hagel.
10:40 of 2nd period - Shot Misses the Net.
11:12 of 2nd period - Anton Lindholm is hit by Aleksander Barkov and loses puck.
11:27 of 2nd period - Off-side.
11:28 of 2nd period - Mikey Eyssimont wins face-off versus Connor McDavid in neutral zone.
11:36 of 2nd period - Icing by Jake Gardiner.
11:37 of 2nd period - Connor McDavid wins face-off versus Frederick Gaudreau in PITTSBURGH Penguins zone.
11:43 of 2nd period - Icing by Jake Gardiner.
11:44 of 2nd period - Frederick Gaudreau wins face-off versus Connor McDavid in PITTSBURGH Penguins zone.
11:54 of 2nd period - Shot by Frederick Gaudreau.
11:54 of 2nd period - Deflect By Jared McCann.
11:54 of 2nd period - Stopped by Darcy Kuemper without a rebound.
11:55 of 2nd period - Nikita Kucherov wins face-off versus William Nylander in PITTSBURGH Penguins zone.
11:58 of 2nd period - Shot by Brandon Hagel.
11:58 of 2nd period - Stopped by Darcy Kuemper with a rebound.
12:08 of 2nd period - Shot by Brandon Hagel.
12:08 of 2nd period - Stopped by Darcy Kuemper without a rebound.
12:09 of 2nd period - Frederick Gaudreau wins face-off versus Connor McDavid in PITTSBURGH Penguins zone.
12:09 of 2nd period - Jared McCann is hit by Kevin Connauton and loses puck.
12:25 of 2nd period - Frederick Gaudreau is hit by Brad Marchand and loses puck.
12:34 of 2nd period - Shot by Oliver Bjorkstrand .
12:34 of 2nd period - Shot Misses the Net.
13:25 of 2nd period - Minor Penalty to Aleksander Barkov for Roughing.
13:26 of 2nd period - William Nylander wins face-off versus Alex Killorn in WASHINGTON Capitals zone.
13:39 of 2nd period - Shot by Trevor Carrick.
13:39 of 2nd period - Shot Misses the Net.
13:41 of 2nd period - Shot by Gustav Nyquist.
13:41 of 2nd period - Shot Blocked by Shea Theodore.
14:37 of 2nd period - Shot by Anton Lindholm.
14:37 of 2nd period - Stopped by Jordan Binnington without a rebound.
14:38 of 2nd period - Alex Killorn wins face-off versus William Nylander in WASHINGTON Capitals zone.
15:05 of 2nd period - Shot by Andrei Svechnikov.
15:05 of 2nd period - Deflect By William Nylander.
15:05 of 2nd period - Stopped by Jordan Binnington without a rebound.
15:06 of 2nd period - Connor McDavid wins face-off versus Frederick Gaudreau in WASHINGTON Capitals zone.
15:41 of 2nd period - Shot by Vitali Kravtsov.
15:41 of 2nd period - Stopped by Jordan Binnington without a rebound.
15:42 of 2nd period - Aleksander Barkov wins face-off versus Justin Kloos in WASHINGTON Capitals zone.
16:04 of 2nd period - Shot by Matthew Nieto.
16:04 of 2nd period - Stopped by Jordan Binnington without a rebound.
16:05 of 2nd period - Connor McDavid wins face-off versus Dryden Hunt in WASHINGTON Capitals zone.
16:13 of 2nd period - Connor McDavid is hit by Joel Hanley and loses puck.
16:20 of 2nd period - Shot by Connor McDavid.
16:20 of 2nd period - Shot Misses the Net.
16:33 of 2nd period - Icing by Givani Smith.
16:34 of 2nd period - William Nylander wins face-off versus Dryden Hunt in WASHINGTON Capitals zone.
16:54 of 2nd period - Icing by Andrei Svechnikov.
16:55 of 2nd period - William Nylander wins face-off versus Aleksander Barkov in PITTSBURGH Penguins zone.
17:31 of 2nd period - Alex Pietrangelo is hit by Andrei Svechnikov and loses puck.
17:51 of 2nd period - Jared McCann is hit by Steven Santini and loses puck.
18:35 of 2nd period - Connor McDavid is hit by Sean Walker.
18:37 of 2nd period - Shot by Oliver Bjorkstrand .
18:37 of 2nd period - Shot Misses the Net.
18:39 of 2nd period - Shot by Oliver Bjorkstrand .
18:39 of 2nd period - Shot Misses the Net.
19:34 of 2nd period - Off-side.
19:35 of 2nd period - Aleksander Barkov wins face-off versus Justin Kloos in neutral zone.
19:59 of 2nd period - Off-side.
Goals for this period are 2 for WASHINGTON Capitals vs 0 for PITTSBURGH Penguins.
Shots for this period are 12 for WASHINGTON Capitals vs 6 for PITTSBURGH Penguins.

3rd period


0:01 of 3rd period - Aleksander Barkov wins face-off versus Connor McDavid in neutral zone.
0:01 of 3rd period - Joel Hanley is hit by Brad Marchand and loses puck.
0:05 of 3rd period - Nikita Kucherov is hit by Adam Larsson and loses puck.
0:47 of 3rd period - Minor Penalty to Adam Larsson for Tripping.
0:48 of 3rd period - Frederick Gaudreau wins face-off versus Brad Marchand in PITTSBURGH Penguins zone.
1:42 of 3rd period - Off-side.
1:43 of 3rd period - Andrei Svechnikov wins face-off versus Aleksander Barkov in neutral zone.
1:53 of 3rd period - Off-side.
1:54 of 3rd period - Connor McDavid wins face-off versus Aleksander Barkov in neutral zone.
3:05 of 3rd period - Shot by Dryden Hunt.
3:05 of 3rd period - Stopped by Darcy Kuemper without a rebound.
3:06 of 3rd period - Mikey Eyssimont wins face-off versus Justin Kloos in PITTSBURGH Penguins zone.
3:35 of 3rd period - Shot by Alex Killorn.
3:35 of 3rd period - Goal by Alex Killorn - WASHINGTON Capitals : 5 - PITTSBURGH Penguins : 3.
3:35 of 3rd period - Jonathan Quick enters game.
3:36 of 3rd period - Aleksander Barkov wins face-off versus Connor McDavid in neutral zone.
3:52 of 3rd period - Oliver Bjorkstrand is hit by Aleksander Barkov and loses puck.
4:20 of 3rd period - Shot by Aleksander Barkov.
4:20 of 3rd period - Stopped by Jonathan Quick with a rebound.
4:32 of 3rd period - Shot by Frederick Gaudreau.
4:32 of 3rd period - Stopped by Jonathan Quick without a rebound.
4:33 of 3rd period - Frederick Gaudreau wins face-off versus William Nylander in PITTSBURGH Penguins zone.
5:32 of 3rd period - Shot by Denis Gurianov.
5:32 of 3rd period - Stopped by Jonathan Quick without a rebound.
5:33 of 3rd period - Aleksander Barkov wins face-off versus Ross Colton in PITTSBURGH Penguins zone.
5:55 of 3rd period - Shot by Vitali Kravtsov.
5:55 of 3rd period - Deflect By Ross Colton.
5:55 of 3rd period - Shot Misses the Net.
5:57 of 3rd period - Shot by Alexander Barabanov.
5:57 of 3rd period - Stopped by Jordan Binnington without a rebound.
5:58 of 3rd period - Connor McDavid wins face-off versus Mikey Eyssimont in WASHINGTON Capitals zone.
6:05 of 3rd period - Shot by Brad Marchand.
6:05 of 3rd period - Shot Misses the Net.
6:07 of 3rd period - Shot by Oliver Bjorkstrand .
6:07 of 3rd period - Shot Misses the Net.
6:51 of 3rd period - Vitali Kravtsov is hit by Alex Killorn and loses puck.
7:11 of 3rd period - Icing by Nick Jensen.
7:12 of 3rd period - William Nylander wins face-off versus Aleksander Barkov in WASHINGTON Capitals zone.
7:34 of 3rd period - Shot by Gustav Nyquist.
7:34 of 3rd period - Shot Misses the Net.
7:36 of 3rd period - Shot by Gustav Nyquist.
7:36 of 3rd period - Stopped by Jordan Binnington without a rebound.
7:37 of 3rd period - Frederick Gaudreau wins face-off versus Ross Colton in WASHINGTON Capitals zone.
8:46 of 3rd period - Shot by Nikita Kucherov.
8:46 of 3rd period - Stopped by Jonathan Quick with a rebound.
8:48 of 3rd period - Shot by Nikita Kucherov.
8:48 of 3rd period - Stopped by Jonathan Quick without a rebound.
8:49 of 3rd period - William Nylander wins face-off versus Mikey Eyssimont in PITTSBURGH Penguins zone.
9:00 of 3rd period - Shot by Andrei Svechnikov.
9:00 of 3rd period - Stopped by Jordan Binnington without a rebound.
9:01 of 3rd period - Aleksander Barkov wins face-off versus Connor McDavid in WASHINGTON Capitals zone.
9:08 of 3rd period - Shot by Aleksander Barkov.
9:08 of 3rd period - Stopped by Jonathan Quick without a rebound.
9:09 of 3rd period - Aleksander Barkov wins face-off versus Connor McDavid in PITTSBURGH Penguins zone.
9:10 of 3rd period - Shot by Nikita Kucherov.
9:10 of 3rd period - Stopped by Jonathan Quick without a rebound.
9:11 of 3rd period - Aleksander Barkov wins face-off versus Connor McDavid in PITTSBURGH Penguins zone.
9:26 of 3rd period - Shot by Nikita Kucherov.
9:26 of 3rd period - Stopped by Jonathan Quick without a rebound.
9:27 of 3rd period - Frederick Gaudreau wins face-off versus William Nylander in PITTSBURGH Penguins zone.
9:28 of 3rd period - Shot by Andreas Johnsson.
9:28 of 3rd period - Stopped by Jonathan Quick with a rebound.
9:47 of 3rd period - Icing by Anton Lindholm.
9:48 of 3rd period - Aleksander Barkov wins face-off versus William Nylander in PITTSBURGH Penguins zone.
9:49 of 3rd period - Shot by Nikita Kucherov.
9:49 of 3rd period - Deflect By Aleksander Barkov.
9:49 of 3rd period - Shot Misses the Net.
9:51 of 3rd period - Shot by Aleksander Barkov.
9:51 of 3rd period - Stopped by Jonathan Quick with a rebound.
9:53 of 3rd period - Shot by Joel Hanley.
9:53 of 3rd period - Goal by Joel Hanley - WASHINGTON Capitals : 6 - PITTSBURGH Penguins : 3.
9:54 of 3rd period - Connor McDavid wins face-off versus Aleksander Barkov in neutral zone.
10:44 of 3rd period - Icing by Adam Larsson.
10:45 of 3rd period - Frederick Gaudreau wins face-off versus Connor McDavid in PITTSBURGH Penguins zone.
11:00 of 3rd period - Shot by Frederick Gaudreau.
11:00 of 3rd period - Shot Misses the Net.
11:02 of 3rd period - Shot by Nick Jensen.
11:02 of 3rd period - Shot Misses the Net.
11:09 of 3rd period - Andreas Johnsson is hit by Adam Larsson and loses puck.
11:17 of 3rd period - Minor Penalty to Adam Larsson for Holding.
11:18 of 3rd period - Aleksander Barkov wins face-off versus Andrei Svechnikov in PITTSBURGH Penguins zone.
11:21 of 3rd period - Shot by Nikita Kucherov.
11:21 of 3rd period - Goal by Nikita Kucherov - WASHINGTON Capitals : 7 - PITTSBURGH Penguins : 3.
11:22 of 3rd period - William Nylander wins face-off versus Mikey Eyssimont in neutral zone.
11:49 of 3rd period - Shot by Denis Gurianov.
11:49 of 3rd period - Stopped by Jonathan Quick with a rebound.
11:53 of 3rd period - Shot by Denis Gurianov.
11:53 of 3rd period - Stopped by Jonathan Quick without a rebound.
11:54 of 3rd period - Aleksander Barkov wins face-off versus Alexander Barabanov in PITTSBURGH Penguins zone.
11:54 of 3rd period - Aleksander Barkov is hit by Steven Santini.
12:09 of 3rd period - Icing by Shea Theodore.
12:10 of 3rd period - Aleksander Barkov wins face-off versus Justin Kloos in WASHINGTON Capitals zone.
12:10 of 3rd period - Brandon Hagel is hit by Milan Lucic and loses puck.
12:24 of 3rd period - Icing by Kevin Connauton.
12:25 of 3rd period - Justin Kloos wins face-off versus Frederick Gaudreau in PITTSBURGH Penguins zone.
12:25 of 3rd period - Matthew Nieto is hit by Jared McCann.
12:44 of 3rd period - Icing by Nick Jensen.
12:45 of 3rd period - Frederick Gaudreau wins face-off versus Connor McDavid in WASHINGTON Capitals zone.
13:41 of 3rd period - Icing by Brandon Hagel.
13:42 of 3rd period - Aleksander Barkov wins face-off versus William Nylander in WASHINGTON Capitals zone.
13:44 of 3rd period - Icing by Brandon Hagel.
13:45 of 3rd period - William Nylander wins face-off versus Aleksander Barkov in WASHINGTON Capitals zone.
13:58 of 3rd period - Shot by Andrei Svechnikov.
13:58 of 3rd period - Deflect By Gustav Nyquist.
13:58 of 3rd period - Stopped by Jordan Binnington without a rebound.
13:59 of 3rd period - Mikey Eyssimont wins face-off versus Ross Colton in WASHINGTON Capitals zone.
15:25 of 3rd period - Shot by Brandon Hagel.
15:25 of 3rd period - Deflect By Aleksander Barkov.
15:25 of 3rd period - Shot Misses the Net.
16:08 of 3rd period - Icing by Anton Lindholm.
16:09 of 3rd period - Dryden Hunt wins face-off versus William Nylander in PITTSBURGH Penguins zone.
16:42 of 3rd period - Shot by Givani Smith.
16:42 of 3rd period - Stopped by Jonathan Quick without a rebound.
16:43 of 3rd period - Aleksander Barkov wins face-off versus Ross Colton in PITTSBURGH Penguins zone.
16:51 of 3rd period - Brandon Hagel is hit by Steven Santini and loses puck.
17:03 of 3rd period - Icing by Alexander Barabanov.
17:04 of 3rd period - Mikey Eyssimont wins face-off versus Ross Colton in PITTSBURGH Penguins zone.
17:10 of 3rd period - Shot by Alex Killorn.
17:10 of 3rd period - Shot Blocked by Steven Santini.
17:12 of 3rd period - Shot by Denis Gurianov.
17:12 of 3rd period - Stopped by Jonathan Quick without a rebound.
17:13 of 3rd period - Aleksander Barkov wins face-off versus Connor McDavid in PITTSBURGH Penguins zone.
17:41 of 3rd period - Minor Penalty to Jake Gardiner for Interference.
17:42 of 3rd period - Connor McDavid wins face-off versus Frederick Gaudreau in PITTSBURGH Penguins zone.
17:53 of 3rd period - Shot by Jared McCann.
17:53 of 3rd period - Shot Hit the Post.
18:15 of 3rd period - Anton Lindholm is hit by Jared McCann and loses puck.
18:40 of 3rd period - Shot by Shea Theodore.
18:40 of 3rd period - Stopped by Jonathan Quick without a rebound.
18:41 of 3rd period - Connor McDavid wins face-off versus Aleksander Barkov in PITTSBURGH Penguins zone.
19:38 of 3rd period - Shot by Gustav Nyquist.
19:38 of 3rd period - Shot Misses the Net.
19:44 of 3rd period - Shot by Dryden Hunt.
19:44 of 3rd period - Shot Blocked by Kevin Connauton.
19:54 of 3rd period - Joel Kiviranta is hit by Milan Lucic and loses puck.
Goals for this period are 3 for WASHINGTON Capitals vs 0 for PITTSBURGH Penguins.
Shots for this period are 19 for WASHINGTON Capitals vs 4 for PITTSBURGH Penguins.